 Dungeon Crawl Stone Soup version 0.29.0 (webtiles) character file.

Game seed: 2789306078981703299

46 Dorkslayer the Trooper (level 3, 0/33 HPs)
             Began as a Hill Orc Fighter on Aug 31, 2022.
             Slain by Sigmund
             ... wielding a +0 scythe
              (4 damage)
             ... on level 2 of the Dungeon.
             The game lasted 00:03:25 (932 turns).

Dorkslayer the Trooper (Hill Orc Fighter)            Turns: 932, Time: 00:03:25

Health: 0/33       AC:  6    Str: 19 (20) XL:     3   Next: 68%
Magic:  3/3        EV:  9    Int:  6 (8)  God:
Gold:   65         SH:  0    Dex:  7 (10) Spells: 2/2 levels left

rFire   . . .      SeeInvis .   a - +0 war axe
rCold   . . .      Faith    .   c - +0 buckler
rNeg    . . .      Spirit   .   b - +0 scale mail
rPois   .          Reflect  .   (no helmet)
rElec   .          Harm     .   (no cloak)
rCorr   .          Rampage  .   (no gloves)
Will    .....                   (no boots)
Stlth   ..........              (no amulet)
HPRegen 0.11/turn               (no ring)
MPRegen 0.08/turn               (no ring)

@: confused, mighty, flying
A: no striking features
a: no special abilities


You were on level 2 of the Dungeon.
You visited 1 branch of the dungeon, and saw 2 of its levels.

You collected 65 gold pieces.

Inventory:

Hand Weapons
 a - a +0 war axe (weapon)
Missiles
 j - 4 poisoned darts (quivered)
Armour
 b - a +0 scale mail (worn)
 c - a +0 buckler (worn)
Scrolls
 f - a scroll of silence {unknown}
 h - a scroll of enchant armour {unknown}
 i - a scroll of identify {unknown}


   Skills:
 * Level 4.0 Fighting
 + Level 3.7 Axes
 + Level 3.6 Armour
 * Level 0.2 Dodging
 + Level 3.8 Shields


You had 2 spell levels left.
You didn't know any spells.
Your spell library contained the following spells:

 Spells                   Type           Power      Damage    Failure   Level
 Static Discharge         Conj/Air       0%         3-3/arc   96%         2
 Dispel Undead            Necr           0%         3d6       100%        4
 Sticky Flame             Conj/Fire      0%         2d3       100%        4


Dungeon Overview and Level Annotations

Branches:
Dungeon (2/15)

Altars:

Annotations:
D:2 Sigmund


Message History

The quokka bites you but does no damage.
You closely miss the quokka.
The quokka is almost dead.
The quokka bites you but does no damage.
You barely miss the quokka.
The quokka is almost dead.
You block the quokka's attack. The quokka bites you.
* * * LOW HITPOINT WARNING * * *
You barely miss the quokka.
The quokka is almost dead.
The quokka bites you but does no damage.
The quokka closely misses you.
You slash the quokka!
You kill the quokka!
The ball python bites you but does no damage.
The ball python closely misses you.
You barely miss the ball python. Something hits you but does no damage.
The ball python closely misses you. The ball python barely misses you.
You slash the ball python!
You kill the ball python!
Something hits you but does no damage.
Sigmund appears from thin air!
Reactivating autopickup.
You block Sigmund's attack.
You feel very mighty all of a sudden.
Sigmund hits you from afar with a +0 scythe.
* * * LOW HITPOINT WARNING * * *
Sigmund points at you and mumbles some strange words.
You are confused.
You bump into the rock wall.
Sigmund hits you with a +0 scythe.
* * * LOW HITPOINT WARNING * * *
You slice Sigmund!!
Sigmund is severely wounded.
You barely miss Sigmund.
Sigmund is severely wounded.
Sigmund hits you but does no damage.
You bump into the rock wall.
Sigmund says, "Don't worry, I'll kill you fast."
Sigmund hits you with a +0 scythe.
You die...

#......... #.........
#.........
########$).......
#####........?.......
..####....<###....########
.......#####..S####
#..#########.############
. .....[....@@......).
##############..#### .# #


You could see Sigmund.

Vanquished Creatures
  A dart slug (D:1)
  5 goblins
  4 hobgoblins (D:1)
  5 jackals (D:1)
  2 quokkas
  5 ball pythons
  7 bats
  2 frilled lizards (D:1)
  6 kobolds (D:1)
  6 rats (D:1)
43 creatures vanquished.

Vanquished Creatures (others)
  11 plants (D:1)
11 creatures vanquished.

Grand Total: 54 creatures vanquished

Notes
Turn   | Place    | Note
-------+----------+-------------------------------------------
     0 | D:1      | Dorkslayer the Hill Orc Fighter began the quest for the
                  | Orb.
     0 | D:1      | Reached XP level 1. HP: 19/19 MP: 1/1
   137 | D:1      | Reached XP level 2. HP: 27/27 MP: 2/2
   305 | D:1      | Reached skill level 4 in Fighting
   307 | D:1      | Reached XP level 3. HP: 33/33 MP: 3/3
   893 | D:2      | Noticed Sigmund
   932 | D:2      | Slain by Sigmund

Illustrated notes

Levels and vault maps discovered:
D:1:      ebering_trefoil_3fold, layout_basic, roderic_lattice_a,
          chequers_big_river
D:2:      layout_rooms, basic_altar, uniq_sigmund

Skill      XL: |  1  2 |
---------------+-------+-----
Axes           | 3 |  3.7
Fighting       | 4 |  4.0
Armour         | |  3.6
Dodging        | |  0.2
Shields        | |  3.8

Action                   || total
-------------------------++-------
Melee: War axe           ||    90
  Use: Potion            ||     3
Armor: Scale mail        ||    47
Dodge: Dodged            ||    53
Block: Buckler           ||    28
